AoeStats
← miguelon01

Arena

510426667Analyzed
4v4 RM · 10h ago on Oct 1, 2026· 48m 45s· 8 players
Game mode
Random Map
Map size
Large (8 player)
Population
200
Speed
Normal
Resources
Standard
Victory
Conquest
Starting age
Dark Age
Ending age
Imperial Age
RankedLock teamsTeams togetherTeam positionsShared explorationLock speedFull tech treeHidden civsTurbo modeCheats
Victory
Defeat
🇧🇷 Burgundians · Brazil
1060
+14
🇮🇹 Jurchens · Italy
1056
+14
🇺🇸 Khmer · United States
1023
+15
🇺🇸 Lithuanians · United States
1001
+16
🇦🇷 Inca · Argentina
1033
-16
🇬🇧 Mongols · United Kingdom
1025
-15
🇹🇷 Koreans · Türkiye
981
-14
🇮🇹 Turks · Italy
981
-14
JalalTheDestroyer
2:44 Loom
10:16 Feudal Age
15:49 Castle Age
17:42 Wheelbarrow
23:59 Double-Bit Axe
24:51 Forging
24:48 Scale Barding Armor
25:23 Horse Collar
26:15 Gold Mining
26:52 Bow Saw
27:47 Hand Cart
27:21 Town Watch
27:30 Town Watch
28:29 Iron Casting
28:10 Bloodlines
28:01 Husbandry
28:39 Chain Barding Armor
28:10 Fletching
28:31 Padded Archer Armor
28:56 Heavy Plow
32:59 Imperial Age
30:36 Bodkin Arrow
34:25 Elite Steppe Lancer
37:21 Blast Furnace
36:28 Bracer
36:51 Ballistics
Sacresh Martire
7:29 Loom
11:51 Feudal Age
14:51 Double-Bit Axe
17:29 Castle Age
15:52 Gold Mining
15:56 Horse Collar
19:44 Bow Saw
24:01 Heavy Plow
27:15 Imperial Age
25:31 Stone Mining
26:42 Man-at-Arms
27:25 Long Swordsman
31:17 Two-Handed Swordsman
33:03 Bloodlines
32:53 Husbandry
33:51 Conscription
36:33 Scale Mail Armor
36:38 Scale Barding Armor
37:45 Gold Shaft Mining
38:29 Forging
38:40 Chain Barding Armor
38:36 Chain Mail Armor
38:34 Artillery
39:49 Iron Casting
39:05 Fletching
39:16 Padded Archer Armor
40:23 Treadmill Crane
41:04 Ballistics
41:06 Bombard Tower
41:25 Heavy Camel Rider
42:51 Capped Ram
43:59 Town Watch
44:50 Wheelbarrow
47:38 Siege Ram
nahuelAOE2
10:56 Feudal Age
15:12 Castle Age
13:35 Double-Bit Axe
14:40 Horse Collar
17:20 Forging
18:18 Wheelbarrow
20:05 Bow Saw
21:08 Heavy Plow
22:38 Gold Mining
28:11 Imperial Age
26:09 Stone Mining
27:06 Gold Shaft Mining
27:48 Stone Shaft Mining
28:50 Forging
28:41 Scale Mail Armor
30:13 Iron Casting
30:35 Chain Mail Armor
29:56 Elite Kamayuk
32:09 Blast Furnace
32:50 Fletching
33:33 Plate Mail Armor
33:10 Fabric Shields
33:27 Bodkin Arrow
33:33 Padded Archer Armor
33:48 Squires
34:23 Bracer
34:22 Crossbowman
35:09 Thumb Ring
35:23 Leather Archer Armor
36:35 Ring Archer Armor
35:56 Arbalester
38:01 Ballistics
38:50 Chemistry
42:18 Onager
45:41 Elite Skirmisher
46:50 Andean Sling
SongForBob
8:16 Loom
11:52 Feudal Age
18:01 Castle Age
17:18 Double-Bit Axe
17:18 Horse Collar
18:17 Crossbowman
20:52 Wheelbarrow
22:25 Fletching
24:26 Pikeman
25:43 Forging
26:26 Scale Barding Armor
27:35 Hand Cart
27:55 Heavy Plow
32:23 Imperial Age
30:10 Gold Mining
30:10 Stone Mining
31:22 Chain Barding Armor
32:00 Gold Shaft Mining
31:15 Stone Mining
32:24 Halberdier
34:15 Chemistry
33:26 Squires
33:39 Bodkin Arrow
34:59 Iron Casting
34:24 Scale Mail Armor
34:59 Conscription
34:55 Arson
35:22 Elite Skirmisher
36:18 Bracer
37:18 Chain Mail Armor
39:54 Plate Mail Armor
39:59 Ballistics
39:30 Heated Shot
44:29 Bow Saw
44:04 Light Cavalry
44:41 Hussar
45:22 Husbandry
45:45 Chain Barding Armor
I THS I
11:16 Feudal Age
12:12 Double-Bit Axe
16:34 Castle Age
15:23 Horse Collar
17:38 Heavy Plow
20:28 Loom
21:57 Gold Mining
23:53 Wheelbarrow
24:24 Bow Saw
25:51 Stone Mining
26:47 Hand Cart
27:35 Ballistics
27:11 Fletching
27:22 Padded Archer Armor
28:14 Murder Holes
32:37 Imperial Age
33:00 Bodkin Arrow
33:20 Leather Archer Armor
33:11 Scale Barding Armor
33:17 Forging
33:23 Heavy Scorpion
34:43 Bloodlines
34:33 Husbandry
34:09 Elite Battle Elephant
35:23 Double Crossbow
35:44 Conscription
36:39 Bracer
37:02 Chain Barding Armor
36:56 Clinker Construction
38:07 Gold Shaft Mining
38:07 Stone Shaft Mining
37:46 Light Cavalry
38:58 Hussar
41:00 Iron Casting
41:00 Plate Barding Armor
HowManyMustDie
10:07 Feudal Age
14:50 Castle Age
14:37 Double-Bit Axe
15:42 Horse Collar
19:45 Husbandry
19:57 Bloodlines
23:14 Scale Barding Armor
25:14 Chain Barding Armor
25:40 Wheelbarrow
26:10 Fervor
27:16 Loom
28:11 Stone Mining
29:57 Bow Saw
31:09 Heavy Plow
31:53 Stone Shaft Mining
33:10 Hand Cart
33:34 Gold Mining
38:49 Imperial Age
36:32 Caravan
37:03 Coinage
37:21 Husbandry
37:08 Treadmill Crane
37:24 Murder Holes
37:27 Fletching
39:19 Bodkin Arrow
40:44 Plate Barding Armor
39:33 Cavalier
39:34 Light Cavalry
41:13 Conscription
41:46 Paladin
41:55 Winged Hussar
43:03 Bracer
43:57 Padded Archer Armor
44:06 Tower Shields
45:04 Leather Archer Armor
44:39 Crossbowman
45:26 Thumb Ring
Tikka Masala
11:09 Feudal Age
15:10 Castle Age
13:02 Double-Bit Axe
14:20 Horse Collar
16:29 Bow Saw
22:05 Wheelbarrow
22:34 Gold Mining
24:07 Hand Cart
23:39 Loom
28:04 Imperial Age
26:51 Ballistics
26:13 Treadmill Crane
27:01 Siege Engineers
27:54 Gold Shaft Mining
27:09 Stone Mining
29:01 Heavy Rocket Cart
30:48 Chemistry
30:07 Thunderclap Bombs
30:18 Conscription
miguelon01
6:44 Double-Bit Axe
11:24 Wheelbarrow
12:37 Feudal Age
12:33 Gold Mining
12:44 Horse Collar
17:53 Castle Age
18:16 Gold Shaft Mining
19:37 Bow Saw
24:40 Scale Mail Armor
25:27 Forging
28:21 Chain Mail Armor
34:49 Imperial Age
34:11 Fortified Wall
34:21 Stone Mining
35:21 Scale Barding Armor
36:27 Iron Casting
36:30 Hand Cart
36:17 Heavy Plow
38:09 Loom
40:25 Chain Barding Armor
42:46 Burgundian Vineyards
42:48 Light Cavalry
43:29 Husbandry
44:38 Ballistics
44:02 Treadmill Crane
44:46 Ballistics
45:27 Chemistry
Connection lost

Rejoining the realm…

Still unreachable

The connection could not be restored.

Session expired

The server has moved on; the page needs a fresh start.